BR
PUNTA CANA HUTIAS @ PALMYRA OVERLORDS
10/02/2027
 
TOP OF THE 1ST
Punta Cana Hutias batting - Pitching for Palmyra Overlords : RHP Millard Manning
Pitching: RHP Millard Manning
Batting: RHB Alejandro Ramírez 0-0: Called Strike
0-1: Foul Ball, location: 2F
0-2: Ball
1-2: Ball
2-2: Foul Ball, location: 2F
2-2: Strikes out swinging
Batting: RHB Edgardo Vásquez 0-0: Called Strike
0-1: Ground out 4-3 (Groundball, 4)
Batting: LHB Ernesto Meléndez 0-0: Foul Ball, location: 2F
0-1: Ball
1-1: SINGLE (Line Drive, 78S)
Batting: LHB Juan Rodríguez 0-0: Ball
1-0: Called Strike
1-1: Called Strike
1-2: SINGLE (Groundball, 4MD)
Ernesto Meléndez to second
Runner from 2nd tries for 3rd, SAFE, throw made to third
Batting: RHB Alberto García 0-0: Ball
1-0: Called Strike
1-1: Ball
2-1: SINGLE (Groundball, 6MD)
Ernesto Meléndez scores
Juan Rodríguez to second
Runner from 2nd tries for 3rd, SAFE, throw made to third
Batting: LHB Justin McCoy 0-0: Swinging Strike
0-1: Ball
1-1: 3-RUN HOME RUN (Flyball, 9LD), Distance : 370 ft
Batting: SHB Alonso Contrera 0-0: Fly out, F8 (Flyball, 8LD)
Top of the 1st over - 4 run(s), 4 hit(s), 0 error(s), 0 left on base; Punta Cana 4 - Palmyra 0
BOTTOM OF THE 1ST
Palmyra Overlords batting - Pitching for Punta Cana Hutias : RHP Raúl Cruz
Pitching: RHP Raúl Cruz
Batting: LHB Mauro López 0-0: Called Strike
0-1: Foul Ball, location: 2F
0-2: Strikes out swinging
Batting: SHB José Rincón 0-0: Ball
1-0: Foul Ball, location: 2F
1-1: Ball
2-1: Foul Ball, location: 2F
2-2: Foul Ball, location: 2F
2-2: Ball
3-2: Strikes out swinging
Batting: LHB Júlio Lorenzo 0-0: Foul Ball, location: 2F
0-1: Ball
1-1: Called Strike
1-2: Foul Ball, location: 2F
1-2: Ball
2-2: Ball
3-2: Base on Balls
Batting: RHB Edmund Swanson 0-0: Called Strike
Júlio Lorenzo steals 2nd base
0-1: Swinging Strike
0-2: Ball
1-2: Ball
2-2: Strikes out swinging
Bottom of the 1st over - 0 run(s), 0 hit(s), 0 error(s), 1 left on base; Punta Cana 4 - Palmyra 0
TOP OF THE 2ND
Punta Cana Hutias batting - Pitching for Palmyra Overlords : RHP Millard Manning
Batting: RHB Millard Ferguson 0-0: Ball
1-0: Ball
2-0: Called Strike
2-1: Fly out, F8 (Flyball, 8RD)
Batting: RHB Ricardo Murillo 0-0: Called Strike
0-1: Ground out 4-3 (Groundball, 4)
Batting: RHB Alejandro Ramírez 0-0: Ground out 4-3 (Groundball, 4)
Top of the 2nd over - 0 run(s), 0 hit(s), 0 error(s), 0 left on base; Punta Cana 4 - Palmyra 0
BOTTOM OF THE 2ND
Palmyra Overlords batting - Pitching for Punta Cana Hutias : RHP Raúl Cruz
Batting: RHB Lúcio Alfaro 0-0: Ball
1-0: Called Strike
1-1: Ball
2-1: SINGLE (Groundball, 34D)
Batting: LHB Ramón Morán 0-0: Foul Ball, location: 2F
0-1: Foul Ball, location: 2F
0-2: Foul Ball, location: 2F
0-2: Fly out, F4 (Popup, 4MD)
Batting: RHB José Gonzáles 0-0: Ball
Wild Pitch!
Lúcio Alfaro to second
1-0: Ground out 5-3 (Groundball, 56)
Batting: RHB Will Anderson 0-0: Ball
1-0: Ball
2-0: Foul Ball, location: 2F
2-1: Swinging Strike
2-2: Foul Ball, location: 2F
2-2: Ball
3-2: SINGLE (Groundball, 5D)
Lúcio Alfaro to third
Lúcio Alfaro scores
Batting: LHB Jerry Tolbert 0-0: Ball
Will Anderson steals 2nd base
1-0: Ball
2-0: Called Strike
2-1: Foul Ball, location: 2F
2-2: Ball
3-2: Ground out 4-3 (Groundball, 4)
Bottom of the 2nd over - 1 run(s), 2 hit(s), 0 error(s), 1 left on base; Punta Cana 4 - Palmyra 1
TOP OF THE 3RD
Punta Cana Hutias batting - Pitching for Palmyra Overlords : RHP Millard Manning
Batting: RHB Edgardo Vásquez 0-0: Ball
1-0: Foul Ball, location: 2F
1-1: Fly out, F3 (Popup, 3D)
Batting: LHB Ernesto Meléndez 0-0: Ball
1-0: Foul Ball, location: 2F
1-1: Foul Ball, location: 2F
1-2: Strikes out looking
Batting: LHB Juan Rodríguez 0-0: Foul Ball, location: 2F
0-1: Ball
1-1: DOUBLE (Line Drive, 9LM) - OUT at third base trying to stretch hit.
Top of the 3rd over - 0 run(s), 1 hit(s), 0 error(s), 0 left on base; Punta Cana 4 - Palmyra 1
BOTTOM OF THE 3RD
Palmyra Overlords batting - Pitching for Punta Cana Hutias : RHP Raúl Cruz
Batting: LHB Mauro López 0-0: Ball
1-0: Foul Ball, location: 2F
1-1: Ball
2-1: Ground out 6-3 (Groundball, 6)
Batting: SHB José Rincón 0-0: Swinging Strike
0-1: Ball
1-1: Ball
2-1: Foul Ball, location: 2F
2-2: Fly out, F6 (Popup, 6)
Batting: LHB Júlio Lorenzo 0-0: Foul Ball, location: 2F
0-1: Fly out, F6 (Popup, 56)
Bottom of the 3rd over - 0 run(s), 0 hit(s), 0 error(s), 0 left on base; Punta Cana 4 - Palmyra 1
TOP OF THE 4TH
Punta Cana Hutias batting - Pitching for Palmyra Overlords : RHP Millard Manning
Batting: RHB Alberto García 0-0: Fly out, F8 (Flyball, 8LM)
Batting: LHB Justin McCoy 0-0: Called Strike
0-1: Foul Ball, location: 2F
0-2: Strikes out swinging
Batting: SHB Alonso Contrera 0-0: Ball
1-0: Fly out, F8 (Flyball, 78S)
Top of the 4th over - 0 run(s), 0 hit(s), 0 error(s), 0 left on base; Punta Cana 4 - Palmyra 1
BOTTOM OF THE 4TH
Palmyra Overlords batting - Pitching for Punta Cana Hutias : RHP Raúl Cruz
Batting: RHB Edmund Swanson 0-0: Called Strike
0-1: Ball
1-1: Ground out 5-3 (Groundball, 5)
Batting: RHB Lúcio Alfaro 0-0: Foul Ball, location: 2F
0-1: Ground out U3 (Groundball, 3)
Batting: LHB Ramón Morán 0-0: Ball
1-0: Ball
2-0: Called Strike
2-1: Fly out, F7 (Line Drive, 7S)
Bottom of the 4th over - 0 run(s), 0 hit(s), 0 error(s), 0 left on base; Punta Cana 4 - Palmyra 1
TOP OF THE 5TH
Punta Cana Hutias batting - Pitching for Palmyra Overlords : RHP Millard Manning
Pitching: RHP Jack Bass
Batting: RHB Millard Ferguson 0-0: SOLO HOME RUN (Flyball, 9D), Distance : 404 ft
Batting: RHB Ricardo Murillo 0-0: Called Strike
0-1: Ball
1-1: Ball
2-1: Fly out, F9 (Flyball, 9)
Batting: RHB Alejandro Ramírez 0-0: Ball
1-0: Ground out 4-3 (Groundball, 4)
Batting: RHB Edgardo Vásquez 0-0: Called Strike
0-1: Swinging Strike
0-2: Foul Ball, location: 2F
0-2: Ball
1-2: Ball
2-2: Strikes out looking
Top of the 5th over - 1 run(s), 1 hit(s), 0 error(s), 0 left on base; Punta Cana 5 - Palmyra 1
BOTTOM OF THE 5TH
Palmyra Overlords batting - Pitching for Punta Cana Hutias : RHP Raúl Cruz
Batting: RHB José Gonzáles 0-0: Ball
1-0: Swinging Strike
1-1: Called Strike
1-2: Ball
2-2: Foul Ball, location: 2F
2-2: Ball
3-2: Fly out, F9 (Flyball, 9S)
Batting: RHB Will Anderson 0-0: SINGLE (Groundball, 56D)
Batting: LHB Jerry Tolbert 0-0: Ball
1-0: Ball
Will Anderson steals 2nd base
2-0: Fly out, F7 (Flyball, 7S)
Batting: LHB Mauro López 0-0: Called Strike
0-1: Ball
1-1: Ground out 6-3 (Groundball, 6)
Bottom of the 5th over - 0 run(s), 1 hit(s), 0 error(s), 1 left on base; Punta Cana 5 - Palmyra 1
TOP OF THE 6TH
Punta Cana Hutias batting - Pitching for Palmyra Overlords : RHP Jack Bass
Batting: LHB Ernesto Meléndez 0-0: Foul Ball, location: 2F
0-1: Foul Ball, location: 2F
0-2: SOLO HOME RUN (Flyball, 9LD), Distance : 376 ft
Pitching: RHP Alfonso Silva
Batting: LHB Juan Rodríguez 0-0: Ball
1-0: Fly out, F9 (Flyball, 9S)
Batting: RHB Alberto García 0-0: Called Strike
0-1: Swinging Strike
0-2: Ball
1-2: Foul Ball, location: 2F
1-2: Ball
2-2: Foul Ball, location: 2F
2-2: Strikes out swinging
Batting: LHB Justin McCoy 0-0: Called Strike
0-1: Foul Ball, location: 2F
0-2: Ball
1-2: Ball
2-2: Ball
3-2: Base on Balls
Batting: SHB Alonso Contrera 0-0: SINGLE (Flyball, 8RS)
Justin McCoy to second
Batting: RHB Millard Ferguson 0-0: SINGLE (Line Drive, 89M)
Justin McCoy to third
Alonso Contrera to second
Runner from 3rd tries for Home, SAFE, no throw
Batting: RHB Ricardo Murillo 0-0: Ball
1-0: Called Strike
1-1: Fly out, F9 (Flyball, 9LSF)
Top of the 6th over - 2 run(s), 3 hit(s), 0 error(s), 2 left on base; Punta Cana 7 - Palmyra 1
BOTTOM OF THE 6TH
Palmyra Overlords batting - Pitching for Punta Cana Hutias : RHP Raúl Cruz
Batting: SHB José Rincón 0-0: Ball
1-0: Ground out 4-3 (Groundball, 34D)
Pitching: RHP Ed Castillo
Batting: LHB Júlio Lorenzo 0-0: Called Strike
0-1: Ball
1-1: Ball
2-1: Called Strike
2-2: Fly out, F8 (Line Drive, 8RXD)
Batting: RHB Edmund Swanson 0-0: Called Strike
0-1: Swinging Strike
0-2: Ball
1-2: Ball
2-2: SINGLE (Groundball, 34D)
Batting: RHB Lúcio Alfaro 0-0: Ball
1-0: Foul Ball, location: 2F
1-1: Fly out, F9 (Line Drive, 89M)
Bottom of the 6th over - 0 run(s), 1 hit(s), 0 error(s), 1 left on base; Punta Cana 7 - Palmyra 1
TOP OF THE 7TH
Punta Cana Hutias batting - Pitching for Palmyra Overlords : RHP Alfonso Silva
Batting: RHB Alejandro Ramírez 0-0: Called Strike
0-1: Ball
1-1: SINGLE (Line Drive, 4MD)
Batting: RHB Edgardo Vásquez 0-0: Ball
1-0: SINGLE (Line Drive, 89S)
Alejandro Ramírez to second
Batting: LHB Ernesto Meléndez 0-0: Swinging Strike
0-1: Fly out, F8 (Flyball, 8LD)
Batting: LHB Juan Rodríguez 0-0: Fly out, F5 (Flyball, 5D)
Batting: RHB Alberto García 0-0: Foul Ball, location: 2F
0-1: Called Strike
0-2: Foul Ball, location: 2F
0-2: Strikes out swinging
Top of the 7th over - 0 run(s), 2 hit(s), 0 error(s), 2 left on base; Punta Cana 7 - Palmyra 1
BOTTOM OF THE 7TH
Palmyra Overlords batting - Pitching for Punta Cana Hutias : RHP Ed Castillo
Batting: LHB Ramón Morán 0-0: Foul Ball, location: 2F
0-1: Foul Ball, location: 2F
0-2: Ball
1-2: Foul Ball, location: 2F
1-2: Foul Ball, location: 2F
1-2: Strikes out swinging
Batting: RHB José Gonzáles 0-0: Called Strike
0-1: Foul Ball, location: 2F
0-2: Strikes out swinging
Batting: RHB Will Anderson 0-0: Called Strike
0-1: Foul Ball, location: 2F
0-2: Ball
1-2: Fly out, F7 (Flyball, 78M)
Bottom of the 7th over - 0 run(s), 0 hit(s), 0 error(s), 0 left on base; Punta Cana 7 - Palmyra 1
TOP OF THE 8TH
Punta Cana Hutias batting - Pitching for Palmyra Overlords : RHP Alfonso Silva
Batting: LHB Justin McCoy 0-0: Called Strike
0-1: Swinging Strike
0-2: Ball
1-2: Strikes out looking
Batting: SHB Alonso Contrera 0-0: Ground out 4-3 (Groundball, 4)
Batting: RHB Millard Ferguson 0-0: Swinging Strike
0-1: Swinging Strike
0-2: Foul Ball, location: 2F
0-2: Strikes out swinging
Top of the 8th over - 0 run(s), 0 hit(s), 0 error(s), 0 left on base; Punta Cana 7 - Palmyra 1
BOTTOM OF THE 8TH
Palmyra Overlords batting - Pitching for Punta Cana Hutias : RHP Ed Castillo
Now at 1B: Ben Kearley
Batting: LHB Jerry Tolbert 0-0: Ball
1-0: Ball
2-0: Called Strike
2-1: Foul Ball, location: 2F
2-2: Ball
3-2: Foul Ball, location: 2F
3-2: Base on Balls
Batting: LHB Mauro López 0-0: Ball
1-0: Ground out 6-3 (Groundball, 6MS)
Jerry Tolbert to second
Batting: SHB José Rincón 0-0: Ball
1-0: Foul Ball, location: 2F
1-1: Ball
2-1: Ball
3-1: Called Strike
3-2: Foul Ball, location: 2F
3-2: SINGLE (Line Drive, 56D)
Jerry Tolbert to third
Runner from 3rd tries for Home, SAFE, no throw
Batting: LHB Júlio Lorenzo 0-0: Foul Ball, location: 2F
0-1: Ball
1-1: Ball
2-1: Fielders Choice at 2nd, 4-6 (Groundball, 4)
Batting: RHB Edmund Swanson 0-0: Foul Ball, location: 2F
0-1: SINGLE (Groundball, 4MD)
Júlio Lorenzo to second
Runner from 2nd tries for 3rd, SAFE, no throw
Pitching: RHP Juan Baca
Batting: RHB Lúcio Alfaro 0-0: Ball
1-0: Ball
2-0: Swinging Strike
2-1: Fly out, F9 (Line Drive, 89S)
Bottom of the 8th over - 1 run(s), 2 hit(s), 0 error(s), 2 left on base; Punta Cana 7 - Palmyra 2
TOP OF THE 9TH
Punta Cana Hutias batting - Pitching for Palmyra Overlords : RHP Alfonso Silva
Pitching: LHP Jake Davis
Batting: RHB Ricardo Murillo 0-0: Fly out, F4 (Line Drive, 34)
Batting: RHB Alejandro Ramírez 0-0: Swinging Strike
0-1: Foul Ball, location: 2F
0-2: Ball
1-2: Foul Ball, location: 2F
1-2: Foul Ball, location: 2F
1-2: Ball
2-2: Strikes out swinging
Batting: RHB Edgardo Vásquez 0-0: Ball
1-0: Fly out, F6 (Line Drive, 6)
Top of the 9th over - 0 run(s), 0 hit(s), 0 error(s), 0 left on base; Punta Cana 7 - Palmyra 2
BOTTOM OF THE 9TH
Palmyra Overlords batting - Pitching for Punta Cana Hutias : RHP Juan Baca
Pitching: RHP Ángel Casillas
Batting: LHB Ramón Morán 0-0: Ball
1-0: Called Strike
1-1: Ball
2-1: Ball
3-1: DOUBLE (Line Drive, 9LM)
Batting: RHB José Gonzáles 0-0: Fly out, F9 (Flyball, 9LM)
Batting: RHB Will Anderson 0-0: Ball
1-0: DOUBLE (Flyball, 8RM)
Ramón Morán scores
Batting: LHB Jerry Tolbert 0-0: Fly out, F7 (Flyball, 7)
Batting: LHB Mauro López 0-0: Called Strike
0-1: Called Strike
0-2: Foul Ball, location: 2F
0-2: Strikes out swinging
Bottom of the 9th over - 1 run(s), 2 hit(s), 0 error(s), 1 left on base; Punta Cana 7 - Palmyra 3
Thursday, March 30th, 2017 - OOTP Baseball 17.12 Build 75